Map: Orbital Shipyard

Players

LilDicky

  • Race: Terran Terran
  • League: Diamond

Numberthree - Winner!

  • Race: Zerg Zerg
  • League: Gold

VOD

http://www.twitch.tv/tumescentpie

Description

Time

  • Played on: Nov. 25, 2015, 8:37 p.m.
  • Length: 3:44
Show
View Real Time Build Order
Export as new Build Order

LilDicky Terran 

Build Orders:  

Get SALT Encoding   

  12  0:01  SCV  
  13  0:13  SCV  
  14  0:18  Supply Depot  
  14  0:25  SCV  
  15  0:34  Refinery  
  15  0:40  SCV  
  16  0:46  Barracks  
  16  0:52  SCV  
  18  1:04  SCV  
  18  1:16  SCV  
  19  1:19  Refinery  
  19  1:28  SCV  
  20  1:34  Supply Depot  
  21  1:40  Reaper  
  21  1:41  Orbital Command  
  21  1:58  Factory  
  21  2:13  Barracks Tech Lab  
  21  2:18  SCV  
  22  2:25  Supply Depot  
  22  2:30  SCV  
  22  2:33  Marine  
  24  2:47  Widow Mine  
  25  2:56  Marauder  
  27  3:02  SCV  
  27  3:03  Starport  
  28  3:12  Command Center  
  28  3:14  SCV  
  29  3:23  Marine  
  29  3:26  SCV  
  34  3:32  Supply Depot  
Show
View Real Time Build Order
Export as new Build Order

Numberthree Zerg - Winner!

Build Orders: Pool Only 

Get SALT Encoding   

  12  0:01  Drone  
  13  0:17  Drone  
  13  0:18  Extractor  
  13  0:20  Drone  
  14  0:33  Spawning Pool  
  13  0:36  Drone  
  14  0:46  Overlord  
  14  1:06  Drone x3  
  17  1:19  Queen  
  17  1:24  Metabolic Boost  
  19  1:31  Zergling x2  
  19  1:32  Zergling x2  
  21  1:39  Zergling x2  
  22  1:49  Overlord  
  22  2:01  Baneling Nest  
  22  2:04  Zergling x2  
  22  2:11  Zergling x2  
  23  2:24  Zergling x2  
  24  2:33  Zergling x2  
  24  2:35  Zergling x4  
  27  2:53  Zergling x4  
  29  3:15  Baneling x5  
  29  3:16  Zergling x2  
  29  3:17  Overlord  
Tags
 
Add a new tag
Caveats
  • Supply blocks, unpowered buildings, or Contaminate may cause inaccurate times.
  • Supply counts are checked every 10 seconds.